Map: Newkirk Precinct TE (Void)

Players

dallaskuken

  • Race: Protoss Protoss
  • League: Platinum
  • Spawn Location: 5:00

FrogMint - Winner!

  • Race: Zerg Zerg
  • Spawn Location: 7:00

VOD

Have the link to the VOD?

Description

Time

  • Played on: March 17, 2017, 6:17 p.m.
  • Length: 10:44
Show
View Real Time Build Order
Export as new Build Order

dallaskuken Protoss 

Build Orders:  

Get SALT Encoding   

  12  0:01  Probe (Chrono Boost)  
  13  0:20  Pylon  
  13  0:21  Probe (Chrono Boost)  
  14  0:31  Probe (Chrono Boost)  
  15  0:42  Probe (Chrono Boost)  
  16  0:45  Gateway  
  16  0:52  Probe (Chrono Boost)  
  17  1:03  Assimilator, Probe (Chrono Boost)  
  18  1:13  Probe (Chrono Boost)  
  19  1:24  Probe (Chrono Boost)  
  19  1:32  Zealot  
  21  1:38  Probe (Chrono Boost)  
  22  1:48  Probe (Chrono Boost)  
  22  1:50  Cybernetics Core  
  22  1:52  Pylon  
  23  2:03  Pylon  
  23  2:10  Probe (Chrono Boost)  
  24  2:15  Assimilator  
  24  2:16  Warp Gate  
  24  2:18  Pylon  
  24  2:20  Pylon  
  24  2:22  Zealot  
  26  2:24  Probe (Chrono Boost)  
  27  2:36  Probe (Chrono Boost)  
  28  2:48  Probe (Chrono Boost)  
  29  2:52  Gateway  
  29  2:53  Gateway  
  29  2:55  Zealot  
  31  3:00  Probe (Chrono Boost)  
  32  3:22  Stalker  
  34  3:41  Pylon  
  34  3:42  Pylon  
  34  3:47  Gateway  
  34  3:49  Nexus  
  34  3:55  Probe (Chrono Boost)  
  35  4:28  Adept  
  35  4:29  Adept x2  
  36  5:20  Stalker  
  36  5:21  Stalker x3  
  35  5:28  Probe (Chrono Boost)  
  35  5:39  Probe (Chrono Boost)  
  36  5:49  Probe (Chrono Boost)  
  37  5:52  Stalker x4  
  45  6:00  Probe (Chrono Boost)  
  37  6:10  Probe (Chrono Boost)  
  29  6:20  Zealot x2  
  29  6:21  Zealot x2, Probe (Chrono Boost)  
  36  6:41  Probe (Chrono Boost)  
  37  6:52  Probe (Chrono Boost)  
  38  7:00  Probe (Chrono Boost)  
  39  7:02  Probe (Chrono Boost)  
  39  7:07  Robotics Facility  
  40  7:09  Robotics Facility  
  40  7:10  Stalker x2  
  40  7:12  Zealot, Probe (Chrono Boost)  
  40  7:13  Probe (Chrono Boost)  
  49  7:23  Sentry, Probe (Chrono Boost)  
  49  7:24  Probe (Chrono Boost)  
  52  7:34  Probe (Chrono Boost)  
  53  7:44  Probe (Chrono Boost)  
  53  7:48  Probe (Chrono Boost)  
  55  7:53  Sentry  
  55  7:54  Sentry  
  55  7:55  Probe (Chrono Boost)  
  61  8:00  Probe (Chrono Boost)  
  62  8:05  Probe (Chrono Boost)  
  62  8:10  Assimilator, Immortal  
  62  8:12  Probe (Chrono Boost)  
  67  8:15  Assimilator  
  67  8:16  Probe (Chrono Boost), Immortal  
  72  8:24  Probe (Chrono Boost)  
  72  8:26  Probe (Chrono Boost)  
  74  8:36  Probe (Chrono Boost)  
  74  8:37  Probe (Chrono Boost)  
  76  8:48  Probe (Chrono Boost)  
  77  9:02  Pylon  
  77  9:03  Pylon  
  77  9:05  Pylon  
  77  9:08  Robotics Bay  
  77  9:21  Mothership Core (Chrono Boost)  
  77  9:22  Stalker  
  77  9:23  Stalker x2  
  85  9:29  Immortal  
  39  10:10  Stalker  
  39  10:11  Stalker  
  39  10:12  Stalker  
Show
View Real Time Build Order
Export as new Build Order

FrogMint Zerg - Winner!

Build Orders: Hatch First 

Get SALT Encoding   

  12  0:01  Drone  
  13  0:10  Drone  
  14  0:20  Overlord  
  14  0:38  Drone  
  14  0:39  Drone x2  
  17  1:01  Hatchery  
  16  1:06  Drone x2  
  18  1:12  Drone  
  19  1:19  Extractor  
  18  1:26  Drone  
  19  1:38  Spawning Pool  
  18  2:05  Drone x3  
  18  2:08  Hatchery  
  20  2:16  Drone  
  20  2:18  Overlord  
  21  2:25  Queen  
  21  2:29  Queen  
  23  2:34  Drone  
  23  2:35  Drone  
  27  2:40  Drone  
  28  2:44  Metabolic Boost  
  28  2:49  Drone  
  29  2:53  Drone  
  29  2:54  Zergling x2  
  31  3:00  Drone  
  31  3:03  Overlord  
  32  3:11  Extractor  
  31  3:19  Drone  
  32  3:23  Drone  
  32  3:24  Queen  
  35  3:38  Spine Crawler  
  34  3:44  Drone x2  
  34  3:45  Drone  
  37  3:50  Drone x4  
  37  3:52  Drone x3  
  37  3:53  Drone, Zergling x2  
  46  3:57  Overlord  
  46  4:12  Drone  
  47  4:29  Zergling x4  
  47  4:30  Zergling x18  
  57  4:39  Overlord  
  57  4:40  Overlord x2  
  57  4:44  Spore Crawler  
  56  4:47  Spore Crawler  
  56  4:48  Spore Crawler  
  53  5:06  Zergling x2  
  53  5:07  Zergling x16  
  60  5:20  Zergling x2  
  60  5:21  Zergling x10  
  64  5:27  Queen  
  61  6:07  Zergling x2  
  61  6:08  Zergling x28  
  71  6:19  Zergling x2  
  71  6:20  Zergling x8  
  75  6:37  Lair  
  74  6:41  Overlord x3  
  73  6:58  Roach Warren  
  72  7:06  Drone x8  
  80  7:25  Zergling x6  
  80  7:26  Zergling x2, Overlord x4  
  84  7:34  Drone  
  84  7:36  Extractor  
  84  7:37  Extractor  
  83  7:51  Drone x3  
  86  7:53  Drone x3  
  89  8:07  Roach, Zergling x2  
  89  8:08  Roach x9  
  110  8:17  Zergling x2, Overlord x3  
  111  8:25  Roach  
  111  8:26  Roach x2  
  117  8:28  Glial Reconstitution  
  117  8:34  Overlord x3  
  117  8:35  Overlord, Extractor  
  117  8:38  Roach x5  
  126  8:55  Overseer  
  126  8:59  Overseer  
  126  9:03  Roach x7  
  126  9:04  Roach x2  
  126  9:05  Ravager x7  
  126  9:06  Ravager x3  
  154  9:11  Roach  
  154  9:12  Roach, Zergling x2  
  154  9:13  Zergling x10  
  164  9:20  Drone  
  142  9:59  Roach x3  
  144  10:00  Roach x2, Zergling x22  
  144  10:01  Zergling x2  
  136  10:11  Roach  
Tags
 
Add a new tag
Caveats
  • Supply blocks, unpowered buildings, or Contaminate may cause inaccurate times.
  • Supply counts are checked every 10 seconds.